 Dungeon Crawl Stone Soup version 0.18-a0-1542-g9c1a92e (webtiles) character file.

8067 4thArraOfDagon the Cleaver (level 11, -6/81 HPs)
             Began as a Mummy Fighter on Mar 10, 2016.
             Was a Priest of Cheibriados.
             Hit by a large rock thrown by a cyclops (9 damage)
             ... on level 11 of the Dungeon.
             The game lasted 00:21:58 (5426 turns).

4thArraOfDagon the Cleaver (Mummy Fighter)          Turns: 5426, Time: 00:21:58

Health: -6/81      AC: 14    Str: 29    XL:     11   Next: 5%
Magic:  7/15       EV: 13    Int: 16    God:    Cheibriados [***...]
Gold:   435        SH:  0    Dex: 21    Spells: 0 memorised, 10 levels left

rFire  x . .     SeeInvis .     w - +0 battleaxe
rCold  + . .     Gourm    .     n - +0 chain mail
rNeg   + + +     Faith    +     (shield currently unavailable)
rPois  ∞         Spirit   .     j - +0 helmet
rElec  .         Dismiss  .     m - +0 cloak
rCorr  .         Reflect  .     v - +0 pair of gloves
SustAt .         Harm     .     (no boots)
MR     +....                    i - amulet of faith
Stlth  ..........               (no ring)
                                E - ring of stealth

@: very slightly contaminated, very slow, somewhat resistant to hostile
enchantments, extremely unstealthy
A: no food or potions, fire vulnerability, cold resistance 1, negative energy
resistance 3, torment resistance, unbreathing
a: Bend Time, Temporal Distortion, Renounce Religion


You were on level 11 of the Dungeon.
You worshipped Cheibriados.
Cheibriados was most pleased with you.
You were not hungry.

You visited 1 branch of the dungeon, and saw 14 of its levels.

You collected 549 gold pieces.
You spent 114 gold pieces at shops.

Inventory:

Hand Weapons
 a - a +0 war axe
 w - a +0 battleaxe (weapon)
 G - a +0 blowgun
Missiles
 h - 4 javelins (quivered)
 s - 49 poisoned needles
 F - 5 curare-tipped needles
Armour
 j - a +0 helmet (worn)
 m - a +0 cloak (worn)
 n - a +0 chain mail (worn)
 o - a +2 large shield
 v - a +0 pair of gloves (worn)
Rods
 D - a +0 iron rod (13/13)
   (You found it on level 11 of the Dungeon)
Jewellery
 i - an amulet of faith (around neck)
 E - a ring of stealth (left hand)
 H - an uncursed amulet of guardian spirit {unknown}
Wands
 r - a wand of acid (7/15)
 x - a wand of polymorph (12/24)
 z - a wand of flame (31/48)
 A - a wand of enslavement (12/24)
 C - a wand of iceblast (5/15)
Scrolls
 c - 3 scrolls of noise
 d - 3 scrolls of teleportation
 e - a scroll of random uselessness
 f - 3 scrolls of enchant weapon
 g - 9 scrolls of remove curse
 k - 2 scrolls of amnesia
 l - 4 scrolls of recharging
 p - 2 scrolls of enchant armour
 q - a scroll of identify
 t - 5 scrolls of blinking
 u - a scroll of magic mapping
Books
 B - a book of the Warp

   Spells                             Type                      Level
   a - Recall                         Summoning/Translocation      3
   b - Gell's Gravitas                Hexes/Translocation          3
   c - Force Lance                    Conjuration/Translocation    4
   d - Warp Weapon                    Charms/Translocation         5
   e - Summon Forest                  Summoning/Translocation      5
Miscellaneous
 y - a fan of gales


   Skills:
 + Level 5.7 Fighting
 * Level 8.8 Axes
 + Level 6.4 Armour
 + Level 5.6 Dodging
 - Level 2.4 Shields
 + Level 6.2 Invocations
 + Level 3.3 Evocations


You had 10 spell levels left.
You didn't know any spells.

Dungeon Overview and Level Annotations

Branches:
Dungeon (14/15)
 Temple: D:4-7         Lair: D:8-11         Orc: D:9-12      Vaults: D:13-14

Altars:
Ashenzari
Cheibriados
Dithmenos
Elyvilon
Kikubaaqudgha
Makhleb
Nemelex Xobeh
Okawaru
Qazlal
Ru
Sif Muna
Vehumet
Xom
The Shining One

Shops:
D:5 *   D:6 !

Annotations:
D:3 5 exclusions
D:4 exclusion: door
D:6 Pikel
D:9 mrath's ghost, novice MiFi


Innate Abilities, Weirdness & Mutations

You do not eat or drink.
Your flesh is vulnerable to fire.
You are immune to poison.
Your flesh is cold resistant.
You are immune to negative energy.
You are immune to unholy pain and torment.
You can survive without breathing.


Message History

As you read the scroll of blinking, it crumbles to dust.
The crimson imp blinks!
Unknown command.
Unknown command.
Unknown command.
The crimson imp hits you.
* * * LOW HITPOINT WARNING * * *
Unknown command.
Unknown command.
Unknown command.
The crimson imp barely misses you.
There is a stone staircase leading up here.
Unknown command.
Unknown command.
The crimson imp hits you but does no damage.
You climb upwards.
The cyclops shouts!
The worker ant twitches its antennae in your direction.
The cyclops throws a large rock.
The large rock hits you!
You die...

###### .....#
####.# ##### #.#
##...## ####.#
##..C..## ...#.#
###.......#
##.#.####.........#
##.#....#.#.....@.#
##.####.#.##.....##
..........###..a##
##.####.### ##.##
##.# #.# #..#
##.####.# ##.#
........# #.#
##..##..# #.#
........# ###.###


You could see a cyclops and a worker ant.

Vanquished Creatures
  Sonja (D:11)
  2 hill giants
  2 ugly things
  A manticore (D:11)
  Maurice (D:11)
  A troll (D:11)
  Eustachio (D:4)
  2 hungry ghosts
  A water moccasin (D:9)
  A porcupine (D:10)
  4 orc warriors
  A slave (D:5)
  2 ice beasts
  2 black bears
  2 necrophages
  5 phantoms
  A wasp (D:12)
  2 ogres
  5 centaurs
  2 crocodiles (D:10)
  3 big kobolds
  A giant frog (D:9)
  A scorpion (D:4)
  6 killer bees (D:12)
  7 howler monkeys
  6 crimson imps
  A giant frog zombie (D:7)
  6 orc priests
  6 hounds
  A jelly (D:11)
  4 worker ants
  Jessica (D:2)
  An iguana (D:11)
  6 orc wizards
  Natasha (D:1)
  A hound skeleton (D:9)
  A worker ant zombie (D:10)
  Robin (D:2)
  10 adders
  4 river rats (D:10)
  2 shadow imps (D:10)
  An ooze (D:1)
  An adder zombie (D:9)
  2 worms
  6 giant geckos
  26 orcs
  A ball python (D:3)
  5 giant cockroaches
  16 goblins
  13 hobgoblins
  4 jackals (D:2)
  2 quokkas
  7 bats
  A giant gecko skeleton (D:4)
  7 giant newts
  16 kobolds
  2 quokka skeletons
  7 rats
226 creatures vanquished.

Vanquished Creatures (others)
  2 fungi (D:10)
  5 plants (D:10)
7 creatures vanquished.

Grand Total: 233 creatures vanquished

Notes
Turn   | Place    | Note
--------------------------------------------------------------
     0 | D:1      | 4thArraOfDagon the Mummy Fighter began the quest for the Orb.
     0 | D:1      | Reached XP level 1. HP: 18/18 MP: 1/1
     0 | D:1      | GOAZAGU
    86 | D:1      | Reached skill level 2 in Axes
   108 | D:1      | Reached XP level 2. HP: 10/24 MP: 2/2
   548 | D:2      | Noticed Natasha
   549 | D:2      | Found a snail-covered altar of Cheibriados.
   553 | D:2      | Became a worshipper of Cheibriados the Contemplative
   561 | D:1      | Noticed a crimson imp
   565 | D:1      | Killed Natasha
   565 | D:1      | Reached XP level 3. HP: 19/29 MP: 3/3
   565 | D:1      | Reached skill level 1 in Dodging
   577 | D:1      | LAST HOPE MEH
   776 | D:2      | Noticed Robin
   780 | D:2      | Reached XP level 4. HP: 31/35 MP: 4/4
   783 | D:2      | Reached * piety under Cheibriados
   792 | D:2      | Reached skill level 3 in Axes
   793 | D:2      | Killed Robin
   953 | D:2      | Noticed Jessica
   957 | D:2      | Killed Jessica
   962 | D:2      | Reached XP level 5. HP: 41/41 MP: 5/5
   970 | D:2      | Reached ** piety under Cheibriados
  1422 | D:3      | Found an iron altar of Okawaru.
  1596 | D:3      | Reached skill level 1 in Invocations
  1781 | D:3      | Reached *** piety under Cheibriados
  1924 | D:4      | Found a glowing golden altar of the Shining One.
  1932 | D:4      | Noticed a phantom
  1954 | D:4      | Killed a phantom
  1954 | D:4      | Reached skill level 4 in Axes
  1954 | D:4      | Reached XP level 6. HP: 32/47 MP: 5/7
  2097 | D:4      | Found a sacrificial altar of Ru.
  2105 | D:4      | Noticed Eustachio
  2133 | D:4      | Killed Eustachio
  2133 | D:4      | Reached XP level 7. HP: 36/52 MP: 8/8
  2221 | D:5      | Entered Level 5 of the Dungeon
  2230 | D:5      | Found Koosuocef's General Store.
  2240 | D:5      | Bought a scroll of identify for 24 gold pieces
  2240 | D:5      | Bought a scroll of blinking for 90 gold pieces
  2314 | D:5      | Reached **** piety under Cheibriados
  2326 | D:5      | Found a shadowy altar of Dithmenos.
  2419 | D:6      | Found Caihea Jukh's Distillery.
  2472 | D:6      | Noticed Pikel
  2484 | D:5      | Reached skill level 5 in Axes
  2624 | D:7      | Found a stormy altar of Qazlal.
  2701 | D:7      | Reached XP level 8. HP: 58/58 MP: 10/10
  2797 | D:7      | Found a deep blue altar of Sif Muna.
  2870 | D:7      | Found an ancient bone altar of Kikubaaqudgha.
  2950 | D:8      | Found a radiant altar of Vehumet.
  3073 | D:8      | Found a shimmering altar of Xom.
  3250 | D:6      | Found a shimmering altar of Xom.
  3250 | D:6      | Found a shattered altar of Ashenzari.
  3253 | D:6      | Found a sparkling altar of Nemelex Xobeh.
  3408 | D:8      | Reached skill level 6 in Axes
  3429 | D:8      | Found a white marble altar of Elyvilon.
  3562 | D:8      | Found a burning altar of Makhleb.
  3580 | D:9      | Noticed mrath's ghost (novice MiFi)
  3629 | D:9      | Reached ***** piety under Cheibriados
  3682 | D:9      | Reached skill level 5 in Armour
  3736 | D:9      | Reached XP level 9. HP: 38/63 MP: 12/12
  3897 | D:10     | Entered Level 10 of the Dungeon
  3950 | D:10     | Noticed a hill giant
  3956 | D:10     | Killed a hill giant
  3956 | D:10     | Reached skill level 1 in Evocations
  4017 | D:10     | Reached skill level 7 in Axes
  4328 | D:10     | Reached skill level 5 in Invocations
  4468 | D:11     | Reached XP level 10. HP: 69/73 MP: 13/13
  4539 | D:11     | Noticed a hill giant
  4542 | D:11     | Noticed a brown ugly thing
  4545 | D:11     | Killed a brown ugly thing
  4546 | D:11     | Killed a hill giant
  4550 | D:11     | Reached skill level 5 in Dodging
  4692 | D:11     | Reached skill level 8 in Axes
  4780 | D:11     | Noticed Maurice
  4804 | D:11     | Killed Maurice
  4804 | D:11     | Reached skill level 5 in Fighting
  5049 | D:11     | Noticed a hill giant
  5086 | D:11     | Noticed a manticore
  5087 | D:11     | Noticed Sonja
  5088 | D:11     | Killed Sonja
  5097 | D:11     | Killed a manticore
  5261 | D:11     | You fall through a shaft for 3 floors!
  5264 | D:14     | :(
  5265 | D:14     | Noticed a purple ugly thing
  5265 | D:14     | Noticed a purple ugly thing
  5266 | D:14     | Noticed a purple ugly thing
  5266 | D:14     | Noticed a purple ugly thing
  5339 | D:13     | Noticed a centaur warrior
  5405 | D:12     | Noticed a cyan ugly thing
  5408 | D:12     | Killed a cyan ugly thing
  5408 | D:12     | Reached XP level 11. HP: 37/81 MP: 4/15
  5410 | D:12     | Noticed an eight-headed hydra
  5420 | D:12     | Noticed a soul eater
  5421 | D:12     | HP: 4/81 [giant frog (4)]
  5426 | D:11     | Hit by a large rock thrown by a cyclops

Vault maps used:
D:1:      dpeg_arrival_rooms_a, st_stairs_5, serial_bayou_pond_c,
          glass_columns_a, roderic_serpentine_path
D:2:      cheibriados_altar_1, uniq_robin, uniq_natasha, uniq_jessica
D:3:      kennysheep_okawaru_gauntlet
D:4:      lemuel_crystal_altar, serial_glass, glass_columns_b, glass_columns_a,
          item_on_display_a, item_on_display_a, due_unseen_surprise,
          first_bread, tso_metal_star, uniq_eustachio
D:5:      nicolae_dithmenos_through_a_glass_darkly, serial_shops,
          nicolae_shop_crystal, nicolae_shop_temple_entry_statues_fountains,
          uniq_crazy_yiuf_cottage
D:6:      nicolae_overflow_hidden_temple, minmay_temple_entry_glassed_door,
          serial_shops, shop, minivault_26, uniq_pikel
D:7:      kiku_gazebo_pond_becter, lemuel_doored_altar, grunt_qazlal_sundering
D:8:      corexii_shack_village, elyvilon_altar_3, makhleb_grotto_becter,
          vehumet_statue, basic_altar, dk_vineyard_2
D:9:      orc_0_dummy
D:10:     minmay_lair_entry_grove, blue_anna_alchemist, minmay_orc_keep
D:11:     uniq_maurice, uniq_sonja
D:12:     onia_ninara_cookie
D:13:     erik_vaults_2, serial_shops, shop, nicolae_shop_behind_doors,
          nicolae_shop_scaring_up_business
D:14:     hangedman_decor_points

Skill      XL: |  1  2  3  4  5  6  7  8  9 10 |
---------------+-------------------------------+-----
Axes           | 2 3 4 5 6 7 8 |  8.8
Dodging        | 1 2 3 4 5 |  5.6
Armour         | 3 4 5 6 |  6.4
Invocations    | 1 2 4 5 6 |  6.2
Evocations     | 2 3 |  3.3
Fighting       | 4 5 |  5.7
Shields        | |  2.4

Action                   |  1- 3 |  4- 6 |  7- 9 | 10-12 || total
-------------------------+-------+-------+-------+-------++-------
Melee: War axe           |   109 |   244 |   119 |       ||   472
       Battleaxe         |       |       |   202 |    96 ||   298
Invok: Bend Time         |       |       |     5 |     6 ||    11
       Slouch            |       |       |     2 |     9 ||    11
Evoke: Wand              |       |       |       |     2 ||     2
  Use: Scroll            |       |     4 |     8 |     8 ||    20
